 Dungeon Crawl Stone Soup version 0.30.1-4-g462c640d31 (webtiles) character file.

Game seed: 2568948750762414007

18 Logoto the Firebug (level 2, -8/20 HPs)
             Began as a Hill Orc Fire Elementalist on Aug 16, 2023.
             Mangled by a gnoll
             ... wielding a +0 flail
              (9 damage)
             ... on level 1 of the Dungeon.
             The game lasted 00:02:41 (818 turns).

Logoto the Firebug (Hill Orc Fire Elementalist)      Turns: 818, Time: 00:02:42

Health: -8/20      AC:  2    Str: 10    XL:     2   Next: 66%
Magic:  0/4        EV: 12    Int: 15    God:
Gold:   51         SH:  0    Dex: 11    Spells: 1/4 levels left

rFire   . . .        (no weapon)
rCold   . . .        (no shield)
rNeg    . . .        a - +0 robe
rPois   .            (no helmet)
rElec   .            (no cloak)
rCorr   .            (no gloves)
SInv    .            (no boots)
Will    .....        (no amulet)
Stlth   ++           (no ring)
HPRegen 0.23/turn    (no ring)
MPRegen 0.09/turn

%: no passive effects
@: no status effects
A: no striking features
a: no special abilities


You were on level 1 of the Dungeon.
You visited 1 branch of the dungeon, and saw 1 of its levels.

You collected 51 gold pieces.

Inventory:

Missiles
 c - 2 throwing nets
Armour
 a - a +0 robe (worn)
 h - a +0 scale mail
Scrolls
 e - a scroll of teleportation {unknown}
 f - a scroll of amnesia {unknown}
Potions
 b - 2 potions of magic
 d - a potion of curing {unknown}
 g - a potion of degeneration {unknown}


   Skills:
 + Level 1.8 Dodging
 + Level 1.5 Stealth
 + Level 0.4 Unarmed Combat
 + Level 1.8 Spellcasting
 + Level 1.0 Conjurations
 + Level 3.6 Fire Magic


You had one spell level left.
You knew the following spells:

 Your Spells              Type           Power      Damage    Failure   Level
a - Foxfire               Conj/Fire      32%        2x1d5     9%          1
b - Scorch                Fire           24%        2d6       8%          2

Your spell library contained the following spells:

 Spells                   Type           Power      Damage    Failure   Level
 Inner Flame              Hex/Fire       6%         N/A       32%         3
 Volatile Blastmotes      Fire/Tloc      12%        2d11      32%         3
 Flame Wave               Conj/Fire      8%         2d5       63%         4


Dungeon Overview and Level Annotations

Branches:
Dungeon (1/15)

Altars:


Message History

Your magical contamination has completely faded away.
Casting: Foxfire (safe; 9% risk of failure)
Confirm with . or Enter, or press ? or * to list all spells.
You conjure some foxfire!
The gnoll barely misses you.
Your foxfire dissipates!
The foxfire hits the ball python.
You kill the ball python!
You completely miss the gnoll.
The gnoll is severely wounded.
The gnoll hits you with a +0 flail.
You barely miss the gnoll.
The gnoll is severely wounded.
The gnoll hits you with a +0 flail. The gnoll attacks as you move away!
The gnoll misses you.
Casting: Foxfire (safe; 9% risk of failure)
Confirm with . or Enter, or press ? or * to list all spells.
You conjure some foxfire!
The gnoll misses you.
The foxfire hits the gnoll.
The gnoll is severely wounded.
The gnoll attacks as you move away! The gnoll barely misses you.
The foxfire hits the gnoll.
The gnoll is almost dead.
The gnoll attacks as you move away! The gnoll closely misses you.
The gnoll attacks as you move away! The gnoll misses you.
The gnoll attacks as you move away! The gnoll hits you with a +0 flail.
The gnoll attacks as you move away! The gnoll hits you with a +0 flail.
The gnoll attacks as you move away! The gnoll barely misses you.
The gnoll attacks as you move away! The gnoll barely misses you.
The gnoll attacks as you move away! The gnoll barely misses you.
Casting: Foxfire (safe; 9% risk of failure)
Confirm with . or Enter, or press ? or * to list all spells.
Flames lash the kobold.
You kill the kobold!
The gnoll barely misses you. The gnoll attacks as you move away!
The gnoll hits you with a +0 flail!
Ouch! That really hurt!
* * * LOW HITPOINT WARNING * * *
You see here a quokka skeleton.
The gnoll attacks as you move away! The gnoll hits you with a +0 flail!
You die...

..... #.# #..# .†. #.# #.##
#.# #.# #.# #.# ###.## ###.#
####.#############....###...#
.....#...............##....##
######.#######......##....##
.......# #..)).##....##
######## ##..@.##....##
#..g.##....## #####
#..###....## ....#
###.#####.###########
###.###########.#
#............ #.........)...#
############# ###############


You could see a gnoll.

Vanquished Creatures
  2 ball pythons (D:1)
  2 endoplasms (D:1)
  A giant cockroach (D:1)
  A hobgoblin (D:1)
  A quokka (D:1)
  3 bats (D:1)
  3 frilled lizards (D:1)
  2 goblins (D:1)
  A kobold (D:1)
  2 rats (D:1)
18 creatures vanquished.

Vanquished Creatures (others)
  16 foxfires (D:1)
16 creatures vanquished.

Grand Total: 34 creatures vanquished

Notes
Turn   | Place    | Note
-------+----------+-------------------------------------------
     0 | D:1      | Logoto the Hill Orc Fire Elementalist began the quest for
                  | the Orb.
     0 | D:1      | Reached XP level 1. HP: 14/14 MP: 3/3
   346 | D:1      | Reached XP level 2. HP: 7/20 MP: 1/4
   418 | D:1      | Learned a level 2 spell: Scorch
   816 | D:1      | HP: 1/20 [gnoll/+0 flail (11)]
   818 | D:1      | Mangled by a gnoll

Illustrated notes

Levels and vault maps discovered:
D:1:      dpeg_arrival_round_a, layout_loops_ring, nrook_mini_backslash,
          hangedman_decor_points, minivault_4, minmay_crystal_room

Action                     || total
---------------------------++-------
  Melee: Unarmed           ||    42
   Cast: Foxfire           ||    11
         Scorch            ||     9
 Armour: Robe              ||    14
  Dodge: Dodged            ||    62
